Workbook

Sheet Scrapping Thomas
A1: CUSHMAN & WAKEFIELD | B1: =IFERROR(INDEX('Email Extractor'!A:A,MATCH(C1,'Email Extractor'!B:B,0)),"")
A2: cushman & wakefield (dublin - ireland) | B2: =IFERROR(INDEX('Email Extractor'!A:A,MATCH(C2,'Email Extractor'!B:B,0)),"") | C2: http://www.cushmanwakefield.com/en/offices/dublin/
A3: cushman & wakefield / forton | B3: =IFERROR(INDEX('Email Extractor'!A:A,MATCH(C3,'Email Extractor'!B:B,0)),"") | C3: 0
A4: cushman & wakefield echinox | B4: =IFERROR(INDEX('Email Extractor'!A:A,MATCH(C4,'Email Extractor'!B:B,0)),"") -> info@cwechinox.com | C4: https://cwechinox.com/
A5: cushman & wakefield finland | B5: =IFERROR(INDEX('Email Extractor'!A:A,MATCH(C5,'Email Extractor'!B:B,0)),"") -> pardeep.bhakar@eur.cushwake.com | C5: http://www.cushmanwakefield.com/en/alliances/finland/
A6: cushman & wakefield llp | B6: =IFERROR(INDEX('Email Extractor'!A:A,MATCH(C6,'Email Extractor'!B:B,0)),"") | C6: 0
A7: cushman & wakefield llp | B7: =IFERROR(INDEX('Email Extractor'!A:A,MATCH(C7,'Email Extractor'!B:B,0)),"") | C7: http://www.cushmanwakefield.co.uk/
A8: cushman & wakefield polska sp. zoo | B8: =IFERROR(INDEX('Email Extractor'!A:A,MATCH(C8,'Email Extractor'!B:B,0)),"") | C8: https://www.spcc.pl/en/news/members/details/22094
A9: cushman & wakefield realkapital | B9: =IFERROR(INDEX('Email Extractor'!A:A,MATCH(C9,'Email Extractor'!B:B,0)),"") -> as@cwrealkapital.com | C9: https://cwrealkapital.no/
A10: cushman & wakefield ukraine | B10: =IFERROR(INDEX('Email Extractor'!A:A,MATCH(C10,'Email Extractor'!B:B,0)),"") | C10: 0
A11: cushman and wakefield ltd | B11: =IFERROR(INDEX('Email Extractor'!A:A,MATCH(C11,'Email Extractor'!B:B,0)),"") | C11: http://www.cushmanwakefield.ca/
A12: cviker ar | B12: =IFERROR(INDEX('Email Extractor'!A:A,MATCH(C12,'Email Extractor'!B:B,0)),"") | C12: 0
A13: cwlep - coventry & warwickshire champions | B13: =IFERROR(INDEX('Email Extractor'!A:A,MATCH(C13,'Email Extractor'!B:B,0)),"") -> contact@cwlep.com | C13: https://www.cwlep.com/
A14: cybarco development ltd | B14: =IFERROR(INDEX('Email Extractor'!A:A,MATCH(C14,'Email Extractor'!B:B,0)),"") -> info@cybarco.com | C14: https://www.cybarco.com/
A15: cyprus pavilion (cyprus investment promotion agency) | B15: =IFERROR(INDEX('Email Extractor'!A:A,MATCH(C15,'Email Extractor'!B:B,0)),"") -> info@investcyprus.org.cy | C15: https://www.investcyprus.org.cy/
A16: czechinvest | B16: =IFERROR(INDEX('Email Extractor'!A:A,MATCH(C16,'Email Extractor'!B:B,0)),"") -> info@czechinvest.org | C16: https://www.czechinvest.org/en
A17: d'act - deleuze et associs | B17: =IFERROR(INDEX('Email Extractor'!A:A,MATCH(C17,'Email Extractor'!B:B,0)),"") | C17: 0
A18: d2 architectes et associes sa | B18: =IFERROR(INDEX('Email Extractor'!A:A,MATCH(C18,'Email Extractor'!B:B,0)),"") -> info@d2architectes.ch | C18: https://www.d2architectes.ch/
A19: d2n2 | B19: =IFERROR(INDEX('Email Extractor'!A:A,MATCH(C19,'Email Extractor'!B:B,0)),"") | C19: http://www.d2n2lep.org/
A20: dagli atelier d'architecture | B20: =IFERROR(INDEX('Email Extractor'!A:A,MATCH(C20,'Email Extractor'!B:B,0)),"") | C20: http://dagli.lu/
A21: dahl law firm | B21: =IFERROR(INDEX('Email Extractor'!A:A,MATCH(C21,'Email Extractor'!B:B,0)),"") | C21: 0
A22: daily real estate s.r.l. | B22: =IFERROR(INDEX('Email Extractor'!A:A,MATCH(C22,'Email Extractor'!B:B,0)),"") | C22: http://thedailyrealestate.com/
A23: dal erhvervsmaegler - nai danmark | B23: =IFERROR(INDEX('Email Extractor'!A:A,MATCH(C23,'Email Extractor'!B:B,0)),"") | C23: 0
A24: dan mark ejendomme a/s | B24: =IFERROR(INDEX('Email Extractor'!A:A,MATCH(C24,'Email Extractor'!B:B,0)),"") | C24: http://dmejd.dk/
A25: danbolig projektsalg og erhverv | B25: =IFERROR(INDEX('Email Extractor'!A:A,MATCH(C25,'Email Extractor'!B:B,0)),"") -> aarhus.erhverv@danbolig.dk | C25: https://danboligerhverv.dk/
A26: dandara | B26: =IFERROR(INDEX('Email Extractor'!A:A,MATCH(C26,'Email Extractor'!B:B,0)),"") -> dpo@dandara.com | C26: https://www.dandara.com/
A27: danielsen architecture | B27: =IFERROR(INDEX('Email Extractor'!A:A,MATCH(C27,'Email Extractor'!B:B,0)),"") | C27: 0
A28: danielsen architecture a/s | B28: =IFERROR(INDEX('Email Extractor'!A:A,MATCH(C28,'Email Extractor'!B:B,0)),"") -> post@danielsenarch.com | C28: https://danielsen.eu/architecture/
A29: danielsen spaceplanning | B29: =IFERROR(INDEX('Email Extractor'!A:A,MATCH(C29,'Email Extractor'!B:B,0)),"") | C29: 0
A30: danielsen urban landscape | B30: =IFERROR(INDEX('Email Extractor'!A:A,MATCH(C30,'Email Extractor'!B:B,0)),"") | C30: https://danielsen.eu/danielsen-urban-landscape/
A31: danos greece | B31: =IFERROR(INDEX('Email Extractor'!A:A,MATCH(C31,'Email Extractor'!B:B,0)),"") | C31: 0
A32: dar | B32: =IFERROR(INDEX('Email Extractor'!A:A,MATCH(C32,'Email Extractor'!B:B,0)),"") | C32: https://acronyms.thefreedictionary.com/DAR
A33: dare 2 build | B33: =IFERROR(INDEX('Email Extractor'!A:A,MATCH(C33,'Email Extractor'!B:B,0)),"") | C33: https://www.dare2build.com/
A34: dark as | B34: =IFERROR(INDEX('Email Extractor'!A:A,MATCH(C34,'Email Extractor'!B:B,0)),"") | C34: https://www.merriam-webster.com/dictionary/as%20black/dark%20as%20pitch
A35: darnu group uab | B35: =IFERROR(INDEX('Email Extractor'!A:A,MATCH(C35,'Email Extractor'!B:B,0)),"") | C35: 0
A36: dauvister sa | B36: =IFERROR(INDEX('Email Extractor'!A:A,MATCH(C36,'Email Extractor'!B:B,0)),"") -> info@dauvister.com | C36: https://www.dauvister.com/fr/
A37: david miller architects | B37: =IFERROR(INDEX('Email Extractor'!A:A,MATCH(C37,'Email Extractor'!B:B,0)),"") | C37: http://davidmillerarchitect.com/
A38: david morley architects | B38: =IFERROR(INDEX('Email Extractor'!A:A,MATCH(C38,'Email Extractor'!B:B,0)),"") | C38: http://davidmorleyarchitects.co.uk/
A39: david roden architects | B39: =IFERROR(INDEX('Email Extractor'!A:A,MATCH(C39,'Email Extractor'!B:B,0)),"") | C39: 0
A40: davies partnership | B40: =IFERROR(INDEX('Email Extractor'!A:A,MATCH(C40,'Email Extractor'!B:B,0)),"") | C40: https://daviespartnership.co.uk/
A41: dbs immobilier sa | B41: =IFERROR(INDEX('Email Extractor'!A:A,MATCH(C41,'Email Extractor'!B:B,0)),"") -> info@dbs-immobilier.ch | C41: https://dbs-immobilier.ch/services/
A42: dc evolution | B42: =IFERROR(INDEX('Email Extractor'!A:A,MATCH(C42,'Email Extractor'!B:B,0)),"") | C42: 0
A43: dcb international | B43: =IFERROR(INDEX('Email Extractor'!A:A,MATCH(C43,'Email Extractor'!B:B,0)),"") | C43: http://www.dcbinternational.com/
A44: dci sarl | B44: =IFERROR(INDEX('Email Extractor'!A:A,MATCH(C44,'Email Extractor'!B:B,0)),"") | C44: https://opencorporates.com/companies/fr?company_type=SARL+unipersonnelle&q=DCI
A45: dds+ | B45: =IFERROR(INDEX('Email Extractor'!A:A,MATCH(C45,'Email Extractor'!B:B,0)),"") | C45: https://www.dds.plus/
A46: de forenede ejendomsselskaber a/s | B46: =IFERROR(INDEX('Email Extractor'!A:A,MATCH(C46,'Email Extractor'!B:B,0)),"") | C46: https://www.dfe.dk/
A47: de graaf van vilsteren makelaars & taxateurs | B47: =IFERROR(INDEX('Email Extractor'!A:A,MATCH(C47,'Email Extractor'!B:B,0)),"") | C47: https://degraafvanvilsteren.nl/
A48: de rham sa | B48: =IFERROR(INDEX('Email Extractor'!A:A,MATCH(C48,'Email Extractor'!B:B,0)),"") -> contact@derham.ch | C48: https://www.derham.ch/
A49: de-so | B49: =IFERROR(INDEX('Email Extractor'!A:A,MATCH(C49,'Email Extractor'!B:B,0)),"") | C49: https://www.youtube.com/user/DerekDesoDaily
A50: dea capital real estate france | B50: =IFERROR(INDEX('Email Extractor'!A:A,MATCH(C50,'Email Extractor'!B:B,0)),"") | C50: https://deacapitalrefrance.eu/
A51: dea capital real estate sgr | B51: =IFERROR(INDEX('Email Extractor'!A:A,MATCH(C51,'Email Extractor'!B:B,0)),"") | C51: http://www.deacapitalre.com/en/index.html
A52: degewo ag | B52: =IFERROR(INDEX('Email Extractor'!A:A,MATCH(C52,'Email Extractor'!B:B,0)),"") | C52: https://www.lucanet.com/en/references/degewo-ag
A53: deka immobilien gmbh | B53: =IFERROR(INDEX('Email Extractor'!A:A,MATCH(C53,'Email Extractor'!B:B,0)),"") | C53: 0
A54: dekabank | B54: =IFERROR(INDEX('Email Extractor'!A:A,MATCH(C54,'Email Extractor'!B:B,0)),"") | C54: 0
A55: deloitte | B55: =IFERROR(INDEX('Email Extractor'!A:A,MATCH(C55,'Email Extractor'!B:B,0)),"") | C55: https://www2.deloitte.com/us/en.html
A56: deloitte financial advisory gmbh | B56: =IFERROR(INDEX('Email Extractor'!A:A,MATCH(C56,'Email Extractor'!B:B,0)),"") | C56: https://www2.deloitte.com/ca/en/pages/finance/topics/finance.html
A57: deloitte llp | B57: =IFERROR(INDEX('Email Extractor'!A:A,MATCH(C57,'Email Extractor'!B:B,0)),"") | C57: https://www2.deloitte.com/us/en.html
A58: deloitte llp | B58: =IFERROR(INDEX('Email Extractor'!A:A,MATCH(C58,'Email Extractor'!B:B,0)),"") | C58: https://trs.deloitte.ca/trs.web.client/__.ashx?showlogin
A59: deloitte ltd | B59: =IFERROR(INDEX('Email Extractor'!A:A,MATCH(C59,'Email Extractor'!B:B,0)),"") | C59: https://www2.deloitte.com/cy/en.html
A60: deloitte mcs | B60: =IFERROR(INDEX('Email Extractor'!A:A,MATCH(C60,'Email Extractor'!B:B,0)),"") | C60: https://beta.companieshouse.gov.uk/company/03311052
A61: deloitte real estate | B61: =IFERROR(INDEX('Email Extractor'!A:A,MATCH(C61,'Email Extractor'!B:B,0)),"") | C61: https://www2.deloitte.com/us/en/pages/real-estate/topics/real-estate.html
A62: delta holding llc | B62: =IFERROR(INDEX('Email Extractor'!A:A,MATCH(C62,'Email Extractor'!B:B,0)),"") | C62: https://www.bizapedia.com/us/delta-holdings-llc.html
A63: delta-simons environmental consultants | B63: =IFERROR(INDEX('Email Extractor'!A:A,MATCH(C63,'Email Extractor'!B:B,0)),"") | C63: https://www.deltasimons.com/
A64: demathieu bard immobilier | B64: =IFERROR(INDEX('Email Extractor'!A:A,MATCH(C64,'Email Extractor'!B:B,0)),"") | C64: 0
A65: democo group | B65: =IFERROR(INDEX('Email Extractor'!A:A,MATCH(C65,'Email Extractor'!B:B,0)),"") | C65: https://democogroup.com/
A66: denton corker marshall llp | B66: =IFERROR(INDEX('Email Extractor'!A:A,MATCH(C66,'Email Extractor'!B:B,0)),"") | C66: https://dentoncorkermarshall.co.uk/
A67: dentons | B67: =IFERROR(INDEX('Email Extractor'!A:A,MATCH(C67,'Email Extractor'!B:B,0)),"") | C67: https://www.dentons.com/
A68: department for international trade | B68: =IFERROR(INDEX('Email Extractor'!A:A,MATCH(C68,'Email Extractor'!B:B,0)),"") | C68: 0
A69: department for international trade | B69: =IFERROR(INDEX('Email Extractor'!A:A,MATCH(C69,'Email Extractor'!B:B,0)),"") | C69: https://www.international.gc.ca/protocol-protocole/policies-politiques/circular-note_note-circulaire_ftrn-001.aspx?lang=eng
A70: derby city council | B70: =IFERROR(INDEX('Email Extractor'!A:A,MATCH(C70,'Email Extractor'!B:B,0)),"") | C70: https://www.derby.gov.uk/
A71: derbyshire county council | B71: =IFERROR(INDEX('Email Extractor'!A:A,MATCH(C71,'Email Extractor'!B:B,0)),"") | C71: 0
A72: derichs u konertz gmbh & co kg | B72: =IFERROR(INDEX('Email Extractor'!A:A,MATCH(C72,'Email Extractor'!B:B,0)),"") | C72: 0
A73: desco design & consultancy ltd | B73: =IFERROR(INDEX('Email Extractor'!A:A,MATCH(C73,'Email Extractor'!B:B,0)),"") | C73: http://www.desco.uk.com/
A74: design engine architects | B74: =IFERROR(INDEX('Email Extractor'!A:A,MATCH(C74,'Email Extractor'!B:B,0)),"") | C74: 0
A75: design engine architects | B75: =IFERROR(INDEX('Email Extractor'!A:A,MATCH(C75,'Email Extractor'!B:B,0)),"") | C75: https://www.designengine.co.uk/
A76: design international | B76: =IFERROR(INDEX('Email Extractor'!A:A,MATCH(C76,'Email Extractor'!B:B,0)),"") | C76: 0
A77: designgroup architects a/s | B77: =IFERROR(INDEX('Email Extractor'!A:A,MATCH(C77,'Email Extractor'!B:B,0)),"") | C77: 0
A78: detrafford | B78: =IFERROR(INDEX('Email Extractor'!A:A,MATCH(C78,'Email Extractor'!B:B,0)),"") | C78: 0
A79: deutsche bank wealth management | B79: =IFERROR(INDEX('Email Extractor'!A:A,MATCH(C79,'Email Extractor'!B:B,0)),"") | C79: https://www.db.com/italia/en/content/Wealth-Management.html
A80: deutsche pfandbriefbank ag | B80: =IFERROR(INDEX('Email Extractor'!A:A,MATCH(C80,'Email Extractor'!B:B,0)),"") | C80: https://www.bloomberg.com/profile/company/PBB:GR
A81: development partner ag | B81: =IFERROR(INDEX('Email Extractor'!A:A,MATCH(C81,'Email Extractor'!B:B,0)),"") | C81: http://www.developmentpartner.de/
A82: developpement mcgill inc. | B82: =IFERROR(INDEX('Email Extractor'!A:A,MATCH(C82,'Email Extractor'!B:B,0)),"") -> john.doe@email.com | C82: https://www.devmcgill.com/
A83: devimco immobilier inc. | B83: =IFERROR(INDEX('Email Extractor'!A:A,MATCH(C83,'Email Extractor'!B:B,0)),"") -> info@devimco.com | C83: https://devimco.com/en/
A84: devisubox | B84: =IFERROR(INDEX('Email Extractor'!A:A,MATCH(C84,'Email Extractor'!B:B,0)),"") | C84: https://www.devisubox.com/
A85: devlop | B85: =IFERROR(INDEX('Email Extractor'!A:A,MATCH(C85,'Email Extractor'!B:B,0)),"") | C85: https://www.merriam-webster.com/dictionary/develop
A86: dexter moren associates | B86: =IFERROR(INDEX('Email Extractor'!A:A,MATCH(C86,'Email Extractor'!B:B,0)),"") | C86: https://www.dextermoren.com/
A87: dga / diener guirard architecture | B87: =IFERROR(INDEX('Email Extractor'!A:A,MATCH(C87,'Email Extractor'!B:B,0)),"") | C87: https://www.darchitectures.com/voir-diener-guirard-architecture-parmi-les-bureaux-d-etudes,p2010249.html
A88: di properties | B88: =IFERROR(INDEX('Email Extractor'!A:A,MATCH(C88,'Email Extractor'!B:B,0)),"") -> info@diproperties.co.uk | C88: https://www.diproperties.co.uk/
A89: dic asset ag | B89: =IFERROR(INDEX('Email Extractor'!A:A,MATCH(C89,'Email Extractor'!B:B,0)),"") | C89: 0
A90: die developer projektentwicklung gmbh | B90: =IFERROR(INDEX('Email Extractor'!A:A,MATCH(C90,'Email Extractor'!B:B,0)),"") -> info@diedeveloper.de | C90: https://diedeveloper.de/
A91: difesa servizi spa | B91: =IFERROR(INDEX('Email Extractor'!A:A,MATCH(C91,'Email Extractor'!B:B,0)),"") | C91: https://www.difesaservizi.it/home
A92: dijon metropole developpement - just dijon | B92: =IFERROR(INDEX('Email Extractor'!A:A,MATCH(C92,'Email Extractor'!B:B,0)),"") | C92: http://dijon-metropole-developpement.fr/
A93: diringer & scheidel wohn- und gewerbebau gmbh | B93: =IFERROR(INDEX('Email Extractor'!A:A,MATCH(C93,'Email Extractor'!B:B,0)),"") | C93: https://www.dus-bau.de/
A94: disruptive technologies as | B94: =IFERROR(INDEX('Email Extractor'!A:A,MATCH(C94,'Email Extractor'!B:B,0)),"") | C94: https://www.disruptive-technologies.com/
A95: district 2020 | B95: =IFERROR(INDEX('Email Extractor'!A:A,MATCH(C95,'Email Extractor'!B:B,0)),"") | C95: https://www.district2020.ae/
A96: distrito castellana norte | B96: =IFERROR(INDEX('Email Extractor'!A:A,MATCH(C96,'Email Extractor'!B:B,0)),"") | C96: Distrito Castellana Norte MADRID NUEVO NORTE APROBADO POR UNANIMIDAD El proyecto Madrid Nuevo Norte ha recibido la aprobaciÃ³n provisional del Pleno del Ayuntamiento de Madrid por unanimidad, gracias al voto favorable de todos los grupos municipales.
A97: ditim consulting sprl | B97: =IFERROR(INDEX('Email Extractor'!A:A,MATCH(C97,'Email Extractor'!B:B,0)),"") -> info@tbi.be | C97: https://trendstop.levif.be/fr/detail/430496193/d-i-t-i-m-.aspx
A98: dl invest group pm sa | B98: =IFERROR(INDEX('Email Extractor'!A:A,MATCH(C98,'Email Extractor'!B:B,0)),"") | C98: http://dlinvest.pl/
A99: dla piper (denmark) | B99: =IFERROR(INDEX('Email Extractor'!A:A,MATCH(C99,'Email Extractor'!B:B,0)),"") | C99: https://www.dlapiper.com/da/denmark
A100: dla piper (norway - oslo) | B100: =IFERROR(INDEX('Email Extractor'!A:A,MATCH(C100,'Email Extractor'!B:B,0)),"") | C100: https://www.dlapiper.com/no/norway/
...

Sheet Email Extractor
A1: info@cwechinox.com | B1: https://cwechinox.com/
A2: pardeep.bhakar@eur.cushwake.com | B2: http://www.cushmanwakefield.com/en/alliances/finland/
A3: janne.eriksson@cushwake.fi | B3: http://www.cushmanwakefield.com/en/alliances/finland/
A4: idesk@cushwake.com | B4: http://www.cushmanwakefield.com/en/alliances/finland/
A5: po@huntool.in | B5: https://www.linkedin.com/feed/
A6: julien.frigoul@redlab.io | B6: https://www.linkedin.com/feed/
A7: as@cwrealkapital.com | B7: https://cwrealkapital.no/
A8: post@cwrealkapital.com | B8: https://cwrealkapital.no/
A9: md@cwrealkapital.com | B9: https://cwrealkapital.no/
A10: pmf@cwrealkapital.com | B10: https://cwrealkapital.no/
A11: tsb@cwrealkapital.com | B11: https://cwrealkapital.no/
A12: ae@cwrealkapital.com | B12: https://cwrealkapital.no/
... A387: dabei-sein@baunetz.de | B387: https://www.baunetz-architekten.de/kleihues-kleihues/31527
